 Dungeon Crawl Stone Soup version 0.25-a0-283-ge7e91ba8d0 (webtiles) character file.

Game seed: 9968973386958349938, levelgen mode: deterministic

88013 MrRokkomies the Martial Artist (level 15, 0/115 HPs)
             Began as a Gnoll Wizard on Dec 10, 2019.
             Was a High Priest of Sif Muna.
             Slain by a centaur warrior
             ... wielding the +6 glaive "Hatiun" {chop, rN+ Str+4}
              (2 damage)
             ... on level 15 of the Dungeon on Dec 11, 2019.
             The game lasted 01:50:35 (38204 turns).

MrRokkomies the Martial Artist (Gnoll Wizard)      Turns: 38204, Time: 01:50:36

Health: 0/115      AC: 13    Str: 12    XL:     15   Next: 92%
Magic:  38/40      EV: 22    Int: 28    God:    Sif Muna [*****.]
Gold:   1162       SH:  6    Dex: 11    Spells: 0/38 levels left

rFire    + + .     SeeInvis .   a - +4 long sword (freeze)
rCold    + . .     Gourm    .   G - +0 buckler
rNeg     . . .     Faith    +   m - +5 robe of the Cockroach {rF+ MP+9 Int+4 Dex-3}
rPois    +         Spirit   .   s - +2 helmet
rElec    .         Reflect  .   I - scarf {rC+ rF+}
rCorr    .         Harm     .   (no gloves)
MR       ++...                  j - +1 pair of boots
Stlth    ++++......             K - amulet of faith
HPRegen  0.29/turn              i - +4 ring of evasion
MPRegen  0.27/turn              J - ring "Soah" {rPois MR+}

@: slowed, studying Unarmed Combat, very slow
A: distributed training, fangs 1, strong nose
a: Channel Magic, Forget Spell, Divine Exegesis, Renounce Religion


You were on level 15 of the Dungeon.
You worshipped Sif Muna.
Sif Muna was extremely pleased with you.
You were hungry.

You visited 4 branches of the dungeon, and saw 24 of its levels.
You also visited: Sewer, Ossuary and Ice Cave.

You collected 2668 gold pieces.
You spent 1506 gold pieces at shops.

Inventory:

Hand Weapons
 a - a +4 long sword of freezing (weapon)
 b - a +1 dagger of pain
 l - a +2 antimagic war axe
 L - a +0 broad axe
Missiles
 r - 69 poisoned darts (quivered)
 u - 6 javelins
 x - 8 silver boomerangs
 y - 4 atropa-tipped darts
 U - 35 curare-tipped darts
Armour
 j - a +1 pair of boots (worn)
 m - the +5 robe of the Cockroach (worn) {rF+ MP+9 Int+4 Dex-3}
   (You found it on level 3 of the Lair of Beasts)

   It affects your intelligence (+4).
   It affects your dexterity (-3).
   It protects you from fire.
   It affects your magic capacity (+9).
 s - a +2 helmet (worn)
 G - a +0 buckler (worn)
 I - a scarf of resistance (worn)
Jewellery
 i - a +4 ring of evasion (left hand)
 p - an uncursed amulet of the acrobat
 J - the ring "Soah" (right hand) {rPois MR+}
   (You bought it in a shop on level 8 of the Dungeon)

   [ring of poison resistance]

   It protects you from poison.
   It affects your resistance to hostile enchantments.
 K - an amulet of faith (around neck)
 P - an uncursed ring of resist corrosion
 R - an uncursed ring of fire
 Z - an uncursed ring of protection from magic
Wands
 f - a wand of iceblast (24)
 v - a wand of enslavement (26)
Scrolls
 c - 8 scrolls of identify
 h - 4 scrolls of teleportation
 o - 2 scrolls of fog
 q - 13 scrolls of remove curse
 t - a scroll of magic mapping
 B - 2 scrolls of fear
 E - 6 scrolls of enchant armour
 T - 5 scrolls of enchant weapon
 Y - a scroll of immolation
Potions
 e - 3 potions of curing
 g - 3 potions of berserk rage
 n - 6 potions of haste
 z - 2 potions of brilliance
 A - 7 potions of might
 C - a potion of heal wounds
 F - 5 potions of flight
 H - a potion of agility
 M - 2 potions of lignification
 N - 3 potions of magic
 Q - 2 potions of resistance
 X - a potion of mutation
Books
 D - a manual of Unarmed Combat
Miscellaneous
 w - a box of beasts
 W - a lamp of fire (inert)
Comestibles
 d - 18 rations


   Skills:
 + Level 10.2 Fighting
 + Level 10.2 Short Blades
 + Level 10.2 Long Blades
 + Level 10.2 Axes
 + Level 10.2 Maces & Flails
 + Level 10.2 Polearms
 + Level 10.2 Staves
 + Level 10.2 Slings
 + Level 10.2 Bows
 + Level 10.2 Crossbows
 + Level 10.2 Throwing
 + Level 10.2 Armour
 + Level 11.1 Dodging
 + Level 11.0 Stealth
 + Level 10.2 Shields
 + Level 13.5 Unarmed Combat
 + Level 12.2 Spellcasting
 + Level 9.0 Conjurations
 + Level 8.6 Hexes
 + Level 8.6 Charms
 + Level 9.0 Summonings
 + Level 8.6 Necromancy
 + Level 9.0 Translocations
 + Level 8.6 Transmutations
 + Level 8.6 Fire Magic
 + Level 8.6 Ice Magic
 + Level 8.6 Air Magic
 + Level 8.6 Earth Magic
 + Level 8.6 Poison Magic
 + Level 11.1 Invocations
 + Level 10.2 Evocations


You couldn't memorise any spells.
You knew the following spells:

 Your Spells              Type           Power        Failure   Level  Hunger
a - Magic Dart            Conj           ####         1%          1    None
b - Blink                 Tloc           N/A          1%          2    None
c - Call Imp              Summ           ######..     1%          2    None
d - Conjure Flame         Conj/Fire      ######..     1%          3    None
e - Mephitic Cloud        Conj/Pois/Air  ######..     1%          3    None
f - Summon Lightning Spi  Summ/Air       ######..     1%          4    None
g - Summon Ice Beast      Ice/Summ       ######..     1%          4    None
h - Regeneration          Chrm/Necr      ######....   1%          3    None
i - Borgnjor's Vile Clut  Necr/Erth      ######....   2%          5    ##.....
j - Shadow Creatures      Summ           N/A          12%         6    #####..
k - Confusing Touch       Hex            ######       1%          1    None
l - Airstrike             Air            ######....   1%          4    None

Your spell library contained the following spells:

 Spells                   Type           Power        Failure   Level  Hunger
 Foxfire                  Conj/Fire      ####         1%          1    None
 Infusion                 Chrm           ####         1%          1    None
 Shock                    Conj/Air       ####         1%          1    None
 Corpse Rot               Necr/Air       N/A          1%          2    None
 Ensorcelled Hibernation  Hex/Ice        ######       1%          2    None
 Searing Ray              Conj           ######       1%          2    None
 Shroud of Golubria       Chrm/Tloc      ######       1%          2    None
 Slow                     Hex            ######..     1%          2    None
 Song of Slaying          Chrm           ######..     1%          2    None
 Swiftness                Chrm/Air       ######..     1%          2    None
 Confuse                  Hex            ######..     1%          3    None
 Gell's Gravitas          Tloc           ######....   1%          3    None
 Lesser Beckoning         Tloc           ######....   1%          3    None
 Recall                   Summ/Tloc      N/A          1%          3    None
 Spectral Weapon          Hex/Chrm       ######..     1%          3    None
 Static Discharge         Conj/Air       ######..     1%          3    None
 Summon Guardian Golem    Hex/Summ       ######..     1%          3    None
 Teleport Other           Tloc           ######..     1%          3    None
 Ice Form                 Ice/Tmut       ######..     1%          4    None
 Leda's Liquefaction      Hex/Erth       ######....   1%          4    None
 Passage of Golubria      Tloc           N/A          1%          4    None
 Petrify                  Tmut/Erth      ######..     1%          4    None
 Sticky Flame             Conj/Fire      ######..     1%          4    None
 Alistair's Intoxication  Tmut/Pois      ######..     2%          5    ##.....
 Bolt of Magma            Conj/Fire/Erth ######....   2%          5    ##.....
 Fireball                 Conj/Fire      ######....   2%          5    ##.....
 Irradiate                Conj/Tmut      ######....   2%          5    ##.....
 Lee's Rapid Deconstruct  Erth           ######....   2%          5    ##.....
 Lightning Bolt           Conj/Air       ######....   2%          5    ##.....
 Metabolic Englaciation   Hex/Ice        ######....   2%          5    ##.....
 Silence                  Hex/Air        ######....   2%          5    ##.....
 Summon Forest            Summ/Tloc      ######....   2%          5    ##.....
 Yara's Violent Unravell  Hex/Tmut       ######....   2%          5    ##.....
 Conjure Ball Lightning   Conj/Air       ######....   13%         6    #####..
 Iron Shot                Conj/Erth      ######....   13%         6    #####..
 Darkness                 Hex            ######....   14%         6    #####..
 Deflect Missiles         Chrm/Air       ######....   14%         6    #####..
 Summon Hydra             Summ           ######....   56%         7    ######.
 Ring of Flames           Chrm/Fire      ######....   61%         7    ######.
 Ignition                 Fire           ######....   99%         8    #######
 Shatter                  Erth           ######....   100%        9    #######
 Tornado                  Air            ######....   100%        9    #######


Dungeon Overview and Level Annotations

Branches:
Dungeon (15/15)            Temple (1/1) D:4            Lair (6/6) D:9
 Shoals (0/4) Lair:3       Spider (0/4) Lair:4        Slime (0/5) Lair:6
    Orc (2/2) D:10            Elf (0/3) Orc:2        Vaults (0/5) D:14
  Sewer (visited)         Ossuary (visited)           IceCv (visited)
 Depths: D:15

Altars:
Ashenzari
Cheibriados
Dithmenos
Elyvilon
Fedhas
Gozag
Hepliaklqana
Kikubaaqudgha
Makhleb
Nemelex Xobeh
Okawaru
Qazlal
Ru
Sif Muna
Trog
Uskayaw
Vehumet
Wu Jian
Xom
Yredelemnul
Zin
The Shining One
Beogh

Shops:
D:8 =   D:10 (   D:14 *   Orc:2 (:*[

Portals:
Trove: D:11 (show abyssal rune of Zot)

Annotations:
Lair:2 1 runed translucent door, endorz's ghost, journeyman GrFi
Lair:4 2 transporters, exclusion: 2 oklob plants, Sosepeh's ghost, journeyman OpWz
Orc:2 3 runed translucent doors, Askman's ghost, journeyman TrMo


Innate Abilities, Weirdness & Mutations

Your experience applies equally to all skills.
You have very sharp teeth.
Your uncanny sense of smell can sniff out nearby items.


Message History

You hear a shout!
You barely miss the centaur warrior.
The centaur warrior is lightly wounded.
The centaur warrior is engulfed in noxious fumes.
The centaur warrior appears confused.
The centaur warrior is engulfed in noxious fumes.
The centaur warrior misses you.
You riposte.
You hit the centaur warrior. You freeze the centaur warrior.
The centaur warrior is lightly wounded.
You slash the centaur warrior! You freeze the centaur warrior.
The centaur warrior is heavily wounded.
The centaur warrior is engulfed in noxious fumes.
The centaur warrior ponders the situation.
The centaur warrior hits you with the +6 glaive "Hatiun" {chop, rN+ Str+4}!!
* * * LOW HITPOINT WARNING * * *
x2 The centaur warrior is engulfed in noxious fumes.
The centaur warrior appears confused.
The centaur warrior hits you with the +6 glaive "Hatiun" {chop, rN+ Str+4}!
* * * LOW HITPOINT WARNING * * *
You die...

āˆ† #.##.## #...W.....# . #.....
#........## .. #.....
#........##... #....
#.(............ #### #..#
#..............
##.####..#########...##.........
..........#.....#######...##....
..........#.....ā—‹cā—‹.......#
.... ..........#.....@#...##...#
... ..........#......#...##...#
.. ..........#.....#######.....
#..###...###....##...##......[
#### #.).###....##....#...[... #
#................#....... #
#.....)..........#....?..
#................#
#....########...##


You could see a centaur warrior (confused).

Vanquished Creatures
  A tengu reaver (D:11)
  An orc warlord (Orc:2)
  An entropy weaver (Lair:4)
  Erolcha (D:10)
  6 hydras
  2 ghost crabs (Lair:4)
  3 two-headed ogres
  2 centaur warriors (D:13)
  A tengu warrior (D:14)
  2 orc high priests (Orc:2)
  Sonja (Lair:5)
  4 fire crabs (Lair:4)
  Nergalle (Orc:2)
  A deep troll (D:11)
  5 unseen horrors
  5 orc knights
  A deep elf mage (D:14)
  8 ugly things
  4 orc sorcerers
  3 cyclopes
  2 manticores
  11 elephants
  4 centaur zombies
  A gargoyle (D:10)
  11 spiny frogs
  3 black mambas
  Psyche (D:8)
  3 ice statues (IceCv)
  2 rime drakes
  A yaktaur (D:14)
  A kobold demonologist (D:13)
  4 komodo dragons
  A tengu conjurer (D:14)
  3 meliai (Lair:4)
  A queen bee (Lair:4)
  10 hornets
  3 polar bears (Lair:6)
  8 trolls
  6 blink frogs
  A slime creature (D:12)
  A meliai zombie (D:14)
  A hippogriff (shapeshifter) (D:13)
  8 hippogriffs
  A redback (Lair:4)
  19 spriggans
  Sigmund (D:5)
  A vampire (D:14)
  4 wraiths
  2 wyverns
  A water elemental (D:13)
  38 yaks
  A basilisk (D:9)
  2 hungry ghosts
  2 steam dragons
  2 vampire mosquitoes (D:14)
  3 wargs
  Edmund (D:4)
  2 soldier ants (D:9)
  3 acid dragons
  7 water moccasins
  7 porcupines
  2 eyes of draining
  24 orc warriors
  12 ice beasts
  2 phantoms
  6 sky beasts
  A black bear (Lair:6)
  15 ogres
  24 wolves
  4 boggarts
  A necrophage (D:11)
  12 centaurs
  13 crocodiles
  3 big kobolds
  13 bullfrogs
  A wyvern zombie (D:12)
  2 wyvern skeletons
  3 scorpions
  30 killer bees
  7 wights
  An electric eel (Lair:4)
  3 howler monkeys
  8 crimson imps
  5 bullfrog zombies
  8 jellies
  A human zombie (D:7)
  15 orc priests
  3 bullfrog skeletons
  4 hounds
  15 orc wizards
  6 iguanas
  9 worker ants
  A killer bee zombie (D:8)
  A hound zombie (D:5)
  5 hound skeletons
  8 mummies (Ossuary)
  A worker ant zombie (D:9)
  18 adders
  2 howler monkey skeletons
  A river rat (D:5)
  An adder skeleton (D:9)
  5 dart slugs
  5 leopard geckos
  79 orcs
  10 ball pythons
  8 giant cockroaches
  5 goblins
  6 hobgoblins
  9 jackals
  2 quokkas
  14 bats
  2 frilled lizards (D:2)
  A gnoll zombie (Ossuary)
  2 hobgoblin zombies (Ossuary)
  A jackal zombie (D:7)
  24 kobolds
  3 kobold zombies (Ossuary)
  2 orc zombies (Ossuary)
  6 rats
  A plant (Lair:4)
713 creatures vanquished.

Vanquished Creatures (collateral kills)
  Saint Roka (Orc:2)
  Jorgrun (D:13)
  2 entropy weavers (Lair:4)
  A yaktaur captain (D:14)
  2 hydras
  A two-headed ogre (Orc:2)
  A skeletal warrior (D:11)
  An orc sorcerer (Orc:2)
  An ugly thing (D:12)
  A cyclops (D:11)
  5 elephants (Lair:6)
  Maurice (D:11)
  A spiny frog (Lair:6)
  A polar bear (Lair:6)
  3 slime creatures (D:12)
  A basilisk (Lair:6)
  7 yaks
  A hungry ghost (D:12)
  2 sky beasts
  An orc warrior (D:12)
  A porcupine (Lair:1)
  5 ice beasts (D:12)
  An ogre (Orc:2)
  A crocodile (D:9)
  A bullfrog (D:12)
  A wyvern skeleton (D:13)
  A crimson imp (D:12)
  An orc wizard (D:12)
  Terence (D:1)
  3 adders
  An ooze (Lair:6)
  3 orcs
  A giant cockroach (D:1)
  A goblin (D:1)
  3 jackals
  2 kobolds (D:1)
  A ball python (D:1)
63 creatures vanquished.

Vanquished Creatures (others)
  An ice dragon (D:11)
  An ice beast (D:6)
  An orc (D:5)
  15 fungi
  32 plants
  2 withered plants (Lair:2)
52 creatures vanquished.

Grand Total: 828 creatures vanquished

Notes
Turn   | Place    | Note
-------+----------+-------------------------------------------
     0 | D:1      | MrRokkomies the Gnoll Wizard began the quest for the Orb.
     0 | D:1      | Reached XP level 1. HP: 13/13 MP: 8/8
   138 | D:1      | Reached XP level 2. HP: 19/19 MP: 8/10
   165 | D:1      | Learned a level 2 spell: Blink
   168 | D:1      | Learned a level 2 spell: Call Imp
   567 | D:1      | Reached XP level 3. HP: 11/25 MP: 4/11
  1160 | D:2      | Noticed Terence
  1200 | D:1      | Killed Terence
  1200 | D:1      | Reached skill level 1 in Fighting
  1200 | D:1      | Reached skill level 1 in Short Blades
  1200 | D:1      | Reached skill level 1 in Long Blades
  1200 | D:1      | Reached skill level 1 in Axes
  1200 | D:1      | Reached skill level 1 in Maces & Flails
  1200 | D:1      | Reached skill level 1 in Polearms
  1200 | D:1      | Reached skill level 1 in Staves
  1200 | D:1      | Reached skill level 1 in Slings
  1200 | D:1      | Reached skill level 1 in Bows
  1200 | D:1      | Reached skill level 1 in Crossbows
  1200 | D:1      | Reached skill level 1 in Throwing
  1200 | D:1      | Reached skill level 1 in Armour
  1200 | D:1      | Reached skill level 1 in Shields
  1200 | D:1      | Reached skill level 1 in Unarmed Combat
  1200 | D:1      | Reached skill level 1 in Invocations
  1200 | D:1      | Reached skill level 1 in Evocations
  1251 | D:2      | Reached XP level 4. HP: 25/32 MP: 8/13
  1667 | D:2      | Learned a level 3 spell: Conjure Flame
  1671 | D:2      | Learned a level 3 spell: Mephitic Cloud
  1717 | D:2      | Reached skill level 1 in Hexes
  1717 | D:2      | Reached skill level 1 in Charms
  1717 | D:2      | Reached skill level 1 in Necromancy
  1717 | D:2      | Reached skill level 1 in Transmutations
  1717 | D:2      | Reached skill level 1 in Fire Magic
  1717 | D:2      | Reached skill level 1 in Ice Magic
  1717 | D:2      | Reached skill level 1 in Air Magic
  1717 | D:2      | Reached skill level 1 in Earth Magic
  1717 | D:2      | Reached skill level 1 in Poison Magic
  1849 | D:2      | Reached XP level 5. HP: 26/37 MP: 7/14
  2487 | D:3      | Found a snail-covered altar of Cheibriados.
  2957 | D:3      | Upgraded the game from 0.25-a0-279-g53730b6a6f to
                  | 0.25-a0-283-ge7e91ba8d0
  3053 | D:4      | Reached XP level 6. HP: 44/44 MP: 16/16
  3161 | D:4      | Found a staircase to the Ecumenical Temple.
  3171 | Temple   | Entered the Ecumenical Temple
  3379 | Temple   | Became a worshipper of Sif Muna the Loreminder
  3467 | D:4      | Reached skill level 5 in Dodging
  3511 | D:4      | Noticed Edmund
  3520 | D:4      | Reached skill level 2 in Unarmed Combat
  3944 | D:4      | Killed Edmund
  3944 | D:4      | Reached XP level 7. HP: 25/50 MP: 6/18
  4162 | D:5      | Entered Level 5 of the Dungeon
  4268 | D:5      | Noticed Sigmund
  4308 | D:5      | Killed Sigmund
  4308 | D:5      | Reached * piety under Sif Muna
  4322 | D:5      | Reached skill level 5 in Stealth
  4387 | D:5      | Found a glowing silver altar of Zin.
  4466 | D:5      | Found a radiant altar of Vehumet.
  4541 | D:5      | Found a stormy altar of Qazlal.
  4541 | D:5      | Found a hide-covered altar of Uskayaw.
  4808 | D:5      | Found a glowing drain.
  4812 | Sewer    | Entered a sewer
  4885 | Sewer    | Reached XP level 8. HP: 49/57 MP: 10/19
  4916 | Sewer    | Got a scorched ring mail
  4941 | Sewer    | Identified the +1 ring mail of the Okapi {Int+2} (You found
                  | it in a sewer)
  5460 | D:6      | Reached skill level 3 in Unarmed Combat
  5747 | D:6      | Noticed a troll
  5760 | D:6      | Killed a troll
  5859 | D:6      | Reached ** piety under Sif Muna
  6143 | D:6      | Reached XP level 9. HP: 65/65 MP: 21/21
  6197 | D:6      | Reached skill level 4 in Unarmed Combat
  6501 | D:7      | Found a sand-covered staircase.
  6780 | Ossuary  | Entered an ossuary
  6848 | Ossuary  | Reached skill level 5 in Unarmed Combat
  7154 | D:7      | Reached *** piety under Sif Muna
  7560 | D:7      | Reached skill level 5 in Invocations
  7819 | D:8      | Reached XP level 10. HP: 69/73 MP: 18/22
  7978 | D:8      | Found Myliecio's Jewellery Shoppe.
  7983 | D:8      | Bought the ring "Soah" {rPois MR+} for 391 gold pieces
  7993 | D:8      | Found a white marble altar of Elyvilon.
  8185 | D:8      | Noticed Psyche
  8199 | D:8      | Killed Psyche
  8201 | D:8      | Reached skill level 6 in Unarmed Combat
  8379 | D:8      | Reached skill level 5 in Fighting
  8379 | D:8      | Reached skill level 5 in Short Blades
  8379 | D:8      | Reached skill level 5 in Long Blades
  8379 | D:8      | Reached skill level 5 in Axes
  8379 | D:8      | Reached skill level 5 in Maces & Flails
  8379 | D:8      | Reached skill level 5 in Polearms
  8379 | D:8      | Reached skill level 5 in Staves
  8379 | D:8      | Reached skill level 5 in Slings
  8379 | D:8      | Reached skill level 5 in Bows
  8379 | D:8      | Reached skill level 5 in Crossbows
  8379 | D:8      | Reached skill level 5 in Throwing
  8379 | D:8      | Reached skill level 5 in Armour
  8379 | D:8      | Reached skill level 5 in Shields
  8379 | D:8      | Reached skill level 5 in Evocations
  8419 | D:8      | Found a sparkling altar of Nemelex Xobeh.
  8594 | D:8      | Found an opulent altar of Gozag.
  8777 | D:9      | Noticed a green ugly thing
  8787 | D:9      | Killed a green ugly thing
  8823 | D:9      | Found a staircase to the Lair.
  8823 | D:9      | Noticed an elephant
  8854 | D:9      | Reached **** piety under Sif Muna
  8894 | D:9      | Killed an elephant
  8991 | D:9      | Reached skill level 5 in Conjurations
  8991 | D:9      | Reached skill level 5 in Summonings
  8991 | D:9      | Reached skill level 5 in Translocations
  9008 | D:9      | Found a sacrificial altar of Ru.
  9475 | D:9      | Reached skill level 7 in Unarmed Combat
  9921 | D:10     | Entered Level 10 of the Dungeon
  9921 | D:10     | Found a staircase to the Orcish Mines.
  9930 | D:10     | Found a roughly hewn altar of Beogh.
  9936 | D:10     | Reached XP level 11. HP: 77/81 MP: 20/24
 10387 | D:10     | Killed an unseen horror
 10854 | D:10     | Found Joluopaf's Weapon Shop.
 10913 | D:10     | Reached skill level 5 in Hexes
 10913 | D:10     | Reached skill level 5 in Charms
 10913 | D:10     | Reached skill level 5 in Necromancy
 10913 | D:10     | Reached skill level 5 in Transmutations
 10913 | D:10     | Reached skill level 5 in Fire Magic
 10913 | D:10     | Reached skill level 5 in Ice Magic
 10913 | D:10     | Reached skill level 5 in Air Magic
 10913 | D:10     | Reached skill level 5 in Earth Magic
 10913 | D:10     | Reached skill level 5 in Poison Magic
 11516 | D:10     | Noticed Erolcha
 11545 | D:10     | Killed Erolcha
 11545 | D:10     | Reached skill level 8 in Unarmed Combat
 11585 | Lair:1   | Entered Level 1 of the Lair of Beasts
 13205 | Lair:2   | Reached XP level 12. HP: 66/89 MP: 25/25
 13312 | Lair:1   | Reached skill level 9 in Unarmed Combat
 13537 | Lair:2   | Found a runed translucent door.
 13537 | Lair:2   | Noticed endorz's ghost (journeyman GrFi)
 14068 | Lair:2   | Reached skill level 10 in Spellcasting
 14358 | Lair:3   | Noticed a four-headed hydra
 14370 | Lair:3   | Killed a four-headed hydra
 15044 | Lair:3   | Reached ***** piety under Sif Muna
 15044 | Lair:3   | Identified Sif Muna's Handbook of the Supportive Mountains
                  | (Sif Muna gifted it to you on level 3 of the Lair of
                  | Beasts)
 15044 | Lair:3   | Received a gift from Sif Muna
 15054 | Lair:3   | Learned a level 4 spell: Summon Lightning Spire
 15213 | Lair:3   | Learned a level 4 spell: Summon Ice Beast
 15317 | Lair:3   | Found a staircase to the Shoals.
 15504 | Lair:3   | Learned a level 3 spell: Regeneration
 15516 | Lair:3   | Noticed a four-headed hydra
 15520 | Lair:3   | Killed a four-headed hydra
 15666 | Lair:3   | Got a dull robe
 15677 | Lair:3   | Identified the +5 robe of the Cockroach {rF+ MP+9 Int+4
                  | Dex-3} (You found it on level 3 of the Lair of Beasts)
 16303 | Lair:4   | Found a transporter.
 16303 | Lair:4   | Found a transporter.
 16304 | Lair:4   | Noticed Sosepeh's ghost (journeyman OpWz)
 16391 | Lair:4   | Reached skill level 10 in Unarmed Combat
 16866 | Lair:3   | Reached XP level 13. HP: 41/98 MP: 27/27
 17794 | Lair:4   | Found a hole to the Spider Nest.
 18078 | Lair:4   | Found a runed translucent door.
 18897 | Lair:4   | Noticed an entropy weaver
 18906 | Lair:4   | Killed an entropy weaver
 18953 | Lair:4   | Noticed an entropy weaver
 18969 | Lair:4   | Killed an entropy weaver
 19242 | Lair:5   | Noticed Sonja
 19678 | Lair:5   | Killed Sonja
 20169 | Lair:5   | Learned a level 5 spell: Borgnjor's Vile Clutch
 20233 | Lair:5   | Reached skill level 11 in Unarmed Combat
 20496 | Lair:5   | Learned a level 6 spell: Shadow Creatures
 20517 | Lair:6   | Entered Level 6 of the Lair of Beasts
 20758 | Lair:5   | Identified Sif Muna's Papyrus of Moulding and the Arsonist
                  | (Sif Muna gifted it to you on level 5 of the Lair of
                  | Beasts)
 20758 | Lair:5   | Received a gift from Sif Muna
 21295 | Lair:6   | HP: 3/99 [polar bear (4)]
 21306 | Lair:6   | HP: 3/99 [black mamba (11)]
 21862 | Lair:6   | Reached XP level 14. HP: 32/106 MP: 21/29
 22194 | Lair:6   | Found a staircase to the Slime Pits.
 22546 | Lair:6   | Identified Guruigae's Catalogue of Aerial Curses (Sif Muna
                  | gifted it to you on level 6 of the Lair of Beasts)
 22546 | Lair:6   | Received a gift from Sif Muna
 22598 | Lair:6   | Reached skill level 10 in Dodging
 23809 | Lair:4   | Noticed an entropy weaver
 24248 | Lair:4   | Killed an entropy weaver
 24286 | Lair:4   | Noticed an entropy weaver
 24716 | Orc:1    | Entered Level 1 of the Orcish Mines
 24720 | Orc:1    | Reached skill level 10 in Stealth
 24801 | Orc:2    | Entered Level 2 of the Orcish Mines
 24982 | Orc:2    | Reached skill level 12 in Unarmed Combat
 25284 | Orc:2    | Found a runed translucent gate.
 25284 | Orc:2    | Found a runed translucent gate.
 25284 | Orc:2    | Found a runed translucent gate.
 25290 | Orc:2    | Found a roughly hewn altar of Beogh.
 25330 | Orc:2    | Noticed Askman's ghost (journeyman TrMo)
 25779 | Orc:2    | Noticed an orc warlord
 25836 | Orc:2    | Killed an orc warlord
 25836 | Orc:2    | Reached skill level 10 in Invocations
 26045 | Orc:2    | Noticed Saint Roka
 26520 | Orc:2    | Found a shimmering blue altar of Sif Muna.
 26535 | Orc:2    | Identified Sif Muna's Papyrus of Feathers
 26727 | Orc:1    | Identified Sif Muna's Compendium of Earthen Companions (Sif
                  | Muna gifted it to you on level 1 of the Orcish Mines)
 26727 | Orc:1    | Received a gift from Sif Muna
 27015 | Orc:2    | Noticed Nergalle
 27446 | Orc:2    | Killed Nergalle
 27836 | Orc:2    | Killed Saint Roka
 27996 | Orc:2    | Found a roughly hewn altar of Beogh.
 28005 | Orc:2    | Found Jeyporghu's Antique Armour Emporium.
 28147 | Orc:2    | Found Ripnixku's General Store.
 28183 | Orc:2    | Found Mysamu's Book Emporium.
 28207 | Orc:2    | Found Esuwaow's Antique Weapon Emporium.
 28265 | Orc:2    | Found a staircase to the Elven Halls.
 28564 | Orc:2    | Bought a book of the Tempests for 1050 gold pieces
 28639 | D:11     | Noticed Maurice
 28649 | D:11     | Killed Maurice
 28923 | D:11     | Reached XP level 15. HP: 101/114 MP: 30/30
 28952 | D:11     | Found a portal to a secret trove of treasure.
 29620 | D:11     | Noticed a tengu reaver
 29637 | D:11     | Killed a tengu reaver
 29881 | D:11     | Received a gift from Sif Muna
 29885 | D:11     | Learned a level 1 spell: Confusing Touch
 30685 | D:12     | Found a frozen archway.
 30728 | IceCv    | Entered an ice cave
 31941 | D:12     | Found a shimmering altar of Xom.
 31959 | D:12     | Found a shimmering altar of Xom.
 31960 | D:12     | Found a shimmering altar of Xom.
 31961 | D:12     | Found a shimmering altar of Xom.
 31963 | D:12     | Found a shimmering altar of Xom.
 31963 | D:12     | Found a shimmering altar of Xom.
 31963 | D:12     | Found a shimmering altar of Xom.
 32010 | D:12     | Reached skill level 13 in Unarmed Combat
 32330 | D:12     | Received a gift from Sif Muna
 33230 | D:13     | Learned a level 4 spell: Airstrike
 33234 | D:13     | Noticed Jorgrun
 33253 | D:13     | Killed Jorgrun
 33695 | D:12     | Reached skill level 10 in Fighting
 33695 | D:12     | Reached skill level 10 in Short Blades
 33695 | D:12     | Reached skill level 10 in Long Blades
 33695 | D:12     | Reached skill level 10 in Axes
 33695 | D:12     | Reached skill level 10 in Maces & Flails
 33695 | D:12     | Reached skill level 10 in Polearms
 33695 | D:12     | Reached skill level 10 in Staves
 33695 | D:12     | Reached skill level 10 in Slings
 33695 | D:12     | Reached skill level 10 in Bows
 33695 | D:12     | Reached skill level 10 in Crossbows
 33695 | D:12     | Reached skill level 10 in Throwing
 33695 | D:12     | Reached skill level 10 in Armour
 33695 | D:12     | Reached skill level 10 in Shields
 33695 | D:12     | Reached skill level 10 in Evocations
 35767 | D:14     | Found a gate to the Vaults.
 36311 | D:14     | Identified Sif Muna's Handbook of Helpful Attacks (Sif Muna
                  | gifted it to you on level 14 of the Dungeon)
 36311 | D:14     | Received a gift from Sif Muna
 37116 | D:14     | Found Jiats's General Store.
 37124 | D:14     | Bought a potion of heal wounds for 65 gold pieces
 38069 | D:15     | Entered Level 15 of the Dungeon
 38193 | D:15     | Identified the +6 glaive "Hatiun" {chop, rN+ Str+4}
 38204 | D:15     | HP: 2/115 [centaur warrior/the +6 glaive "Hatiun" {chop,
                  | rN+ Str+4} (13)]
 38204 | D:15     | Slain by a centaur warrior

Levels and vault maps discovered:
D:1:      kennysheep_arrival_forest, layout_rooms, patterned_corridor
D:2:      layout_rooms, uniq_terence
D:3:      layout_basic, cheibriados_altar_1, minmay_snake_closets
D:4:      layout_rooms, minmay_temple_entry_ruins,
          hangedman_abyss_or_decor_stagger, uniq_edmund
D:5:      layout_cave_pools, vehumet_crystals, gammafunk_temple_overflow_wave,
          old_standard_altar, first_ration, gup_sewer_entry_spiral,
          chequers_big_river, uniq_sigmund
D:6:      layout_rooms, kennysheep_big_empty_room, minmay_manual_mandibuliform
D:7:      layout_rooms, enter_ossuary_3
D:8:      layout_loops_corners, kennysheep_little_box, kennysheep_mini,
          lemuel_coloured_pillars_altar, serial_shops, shop, special_room
          [special_room_orc], uniq_psyche
D:9:      layout_rooms, nicolae_overflow_hidden_temple, david_lair_generic,
          hangedman_pestilent_swarm, nrook_loot_triangle
D:10:     layout_gridville, minmay_orc_entry_temple_small, serial_shops, shop,
          uniq_erolcha
D:11:     minmay_shrinking_squares, layout_irregular_city, enter_trove_3,
          uniq_maurice
D:12:     layout_big_octagon, portal_ice_cave_entry_ice_beasts,
          serial_bayou_pond_c, xom_redecorated
D:13:     layout_basic, lightli_minifort, uniq_jorgrun, uniq_nessos
D:14:     layout_basic, david_vaults_2, hex_tiny, serial_shops,
          nicolae_shop_statue_plus
D:15:     grunt_enter_depths_snipers, layout_gridville, grunt_decor_resistance,
          uniq_josephine
Temple:   nicolae_temple_figure_eight
Lair:1:   layout_roguey, st_stairs_7, wad_woods_01, grunt_megastairs_4
Lair:2:   layout_cave_shapes, gammafunk_ghost_grave,
          nicolae_lair_grove_arrangements, grunt_megastairs_3
Lair:3:   layout_roguey, minmay_shoals_entry_centaurs,
          chequers_serial_rivers_micro_a
Lair:4:   gammafunk_mikee_crab_dinner, layout_loops_ring,
          spider_nest_entry_rubble, special_room [special_room_bee],
          gammafunk_ghost_hive, ldierk_geyser, serial_bayou_ford_a,
          minmay_lair_oklob_chamber
Lair:5:   layout_gridlike, serial_bayou_shore_b, uniq_sonja
Lair:6:   minmay_lair_end_enchanted_forest, layout_cave_pods,
          nicolae_slime_entry_slimehenge
Orc:1:    layout_diamond_mine
Orc:2:    grunt_orc_cross, layout_diamond_mine, maelrawn_ghost_gauntlet_escape,
          basic_altar, led_sif_book

Skill      XL: |  1  2  3  4  5  6  7  8  9 10 11 12 13 14 15 |
---------------+----------------------------------------------+-----
Conjurations   | 2 3 4 5 6 7 8 9 |  9.0
Summonings     | 2 3 4 5 6 7 8 9 |  9.0
Translocations | 2 3 4 5 6 7 8 9 |  9.0
Fighting       | 1 2 3 4 5 6 7 8 9 10 | 10.2
Short Blades   | 1 2 3 4 5 6 7 8 9 10 | 10.2
Long Blades    | 1 2 3 4 5 6 7 8 9 10 | 10.2
Axes           | 1 2 3 4 5 6 7 8 9 10 | 10.2
Maces & Flails | 1 2 3 4 5 6 7 8 9 10 | 10.2
Polearms       | 1 2 3 4 5 6 7 8 9 10 | 10.2
Staves         | 1 2 3 4 5 6 7 8 9 10 | 10.2
Slings         | 1 2 3 4 5 6 7 8 9 10 | 10.2
Bows           | 1 2 3 4 5 6 7 8 9 10 | 10.2
Crossbows      | 1 2 3 4 5 6 7 8 9 10 | 10.2
Throwing       | 1 2 3 4 5 6 7 8 9 10 | 10.2
Armour         | 1 2 3 4 5 6 7 8 9 10 | 10.2
Shields        | 1 2 3 4 5 6 7 8 9 10 | 10.2
Unarmed Combat | 1 2 3 5 7 8 10 11 12 13 | 13.5
Invocations    | 1 2 3 4 5 6 7 8 9 10 11 | 11.1
Evocations     | 1 2 3 4 5 6 7 8 9 10 | 10.2
Hexes          | 1 2 3 4 5 6 7 8 |  8.6
Charms         | 1 2 3 4 5 6 7 8 |  8.6
Necromancy     | 1 2 3 4 5 6 7 8 |  8.6
Transmutations | 1 2 3 4 5 6 7 8 |  8.6
Fire Magic     | 1 2 3 4 5 6 7 8 |  8.6
Ice Magic      | 1 2 3 4 5 6 7 8 |  8.6
Air Magic      | 1 2 3 4 5 6 7 8 |  8.6
Earth Magic    | 1 2 3 4 5 6 7 8 |  8.6
Poison Magic   | 1 2 3 4 5 6 7 8 |  8.6
Dodging        | 5 6 7 8 9 10 11 | 11.1
Stealth        | 5 6 7 8 9 10 11 | 11.0
Spellcasting   | 8 9 10 11 12 | 12.2

Action                   |  1- 3 |  4- 6 |  7- 9 | 10-12 | 13-15 || total
-------------------------+-------+-------+-------+-------+-------++-------
Melee: Dagger            |    87 |   283 |   250 |   140 |   305 ||  1065
       Bite              |     8 |    15 |    55 |   100 |   245 ||   423
       Punch             |     1 |     3 |     3 |       |       ||     7
       Falchion          |       |       |    97 |    37 |       ||   134
       Long sword        |       |       |   140 |   602 |  1414 ||  2156
Throw: Dart              |       |       |    20 |    78 |   102 ||   200
       Javelin           |       |       |       |       |    22 ||    22
 Cast: Magic Dart        |    25 |    40 |    21 |    26 |       ||   112
       Call Imp          |     9 |     8 |       |     6 |       ||    23
       Blink             |     2 |     3 |     3 |     3 |    30 ||    41
       Mephitic Cloud    |       |     1 |    10 |     9 |    45 ||    65
       Borgnjor's Vile C |       |       |       |       |    22 ||    22
       Summon Ice Beast  |       |       |       |       |    26 ||    26
       Regeneration      |       |       |       |       |     8 ||     8
       Summon Lightning  |       |       |       |       |    23 ||    23
       Conjure Flame     |       |       |       |       |     2 ||     2
       Summon Hydra      |       |       |       |       |     1 ||     1
       Airstrike         |       |       |       |       |    10 ||    10
       Confusing Touch   |       |       |       |       |     4 ||     4
       Shadow Creatures  |       |       |       |       |     2 ||     2
Invok: Divine Exegesis   |       |       |       |       |     1 ||     1
Evoke: Wand              |       |       |     2 |    17 |    40 ||    59
       Lamp of fire      |       |       |       |     1 |     4 ||     5
       Box of beasts     |       |       |       |       |     4 ||     4
  Use: Scroll            |     2 |     8 |     9 |    10 |    12 ||    41
       Potion            |       |     3 |     5 |     6 |     6 ||    20
 Stab: Sleeping          |     1 |    13 |     5 |    11 |    19 ||    49
       Confused          |       |     1 |     7 |     5 |    44 ||    57
       Paralysed         |       |       |     1 |     2 |    16 ||    19
       Distracted        |       |       |     1 |     2 |     7 ||    10
  Eat: Chunk             |       |     9 |     7 |    17 |    21 ||    54
       Ration            |       |       |     2 |     4 |    16 ||    22
Armor: Robe              |     5 |       |       |    42 |   376 ||   423
       Leather armour    |    38 |    37 |    22 |       |       ||    97
       Ring mail         |       |       |    67 |   113 |       ||   180
       Skin              |       |       |    19 |       |       ||    19
       Ice dragon scales |       |       |       |       |    63 ||    63
Dodge: Dodged            |   115 |   244 |   354 |   597 |  1624 ||  2934
Block: Buckler           |       |       |    54 |   301 |   511 ||   866
       Reflection        |       |       |     1 |     6 |       ||     7
       Rpst.: Long sword |       |       |    44 |   132 |   348 ||   524
       Falchion          |       |       |    21 |     7 |       ||    28

Table legend:
 A = Non-vault XP
 B = Vault XP
 C = Vault XP percentage of total XP
 D = Non-vault monster count
 E = Vault monster count
 F = Vault count percentage of total count
                 A         B        C        D         E       F
            +---------+---------+-------+---------+---------+-------
      Total |   77910 |   47823 |  38.0 |     525 |     251 |  32.3
            +---------+---------+-------+---------+---------+-------
        D:1 |      72 |      27 |  27.3 |      30 |       1 |   3.2
        D:2 |      68 |       0 |   0.0 |      17 |       0 |   0.0
        D:3 |      70 |      51 |  42.1 |      22 |      10 |  31.2
        D:4 |     197 |     157 |  44.4 |      18 |       1 |   5.3
        D:5 |     346 |     227 |  39.6 |      16 |       9 |  36.0
        D:6 |    1672 |     558 |  25.0 |      27 |       5 |  15.6
        D:7 |     617 |      44 |   6.7 |      13 |       2 |  13.3
        D:8 |     513 |     744 |  59.2 |      14 |      21 |  60.0
        D:9 |    1702 |    1597 |  48.4 |      23 |       8 |  25.8
       D:10 |    3401 |    1367 |  28.7 |      23 |       9 |  28.1
       D:11 |    6100 |    4086 |  40.1 |      38 |       8 |  17.4
       D:12 |    6998 |     775 |  10.0 |      52 |       8 |  13.3
       D:13 |    6738 |    2692 |  28.5 |      35 |       5 |  12.5
       D:14 |    9409 |    1388 |  12.9 |      30 |       2 |   6.2
       D:15 |      90 |     422 |  82.4 |       2 |       2 |  50.0
     Lair:1 |    2943 |    2107 |  41.7 |      13 |      10 |  43.5
     Lair:2 |    1735 |     100 |   5.4 |      10 |       1 |   9.1
     Lair:3 |    5863 |     557 |   8.7 |      17 |       5 |  22.7
     Lair:4 |    4483 |   10089 |  69.2 |      20 |      30 |  60.0
     Lair:5 |    7562 |     814 |   9.7 |      25 |       1 |   3.8
     Lair:6 |    8394 |    8029 |  48.9 |      36 |      44 |  55.0
      Orc:1 |    3760 |     973 |  20.6 |      17 |       5 |  22.7
      Orc:2 |    5177 |    7861 |  60.3 |      27 |      31 |  53.4
      Sewer |       0 |     115 | 100.0 |       0 |       6 | 100.0
    Ossuary |       0 |     151 | 100.0 |       0 |      16 | 100.0
      IceCv |       0 |    2892 | 100.0 |       0 |      11 | 100.0
            +---------+---------+-------+---------+---------+-------
